 Dungeon Crawl Stone Soup version 0.20-a0-277-g7db01f4 (webtiles) character file.

107 jbasstz the Ruffian (level 4, -12/44 HPs)
             Began as a Troll Berserker on Dec 11, 2016.
             Was a Believer of Trog.
             Killed from afar by Duffy's ghost (23 damage)
             ... with a spray of energy
             ... on level 3 of the Dungeon.
             The game lasted 00:08:59 (2071 turns).

jbasstz the Ruffian (Troll Berserker)               Turns: 2071, Time: 00:09:00

Health: -12/44     AC:  5    Str: 26    XL:     4   Next: 56%
Magic:  3/3        EV: 10    Int:  3    God:    Trog [**....]
Gold:   115        SH:  0    Dex:  9    Spells: 3/3 levels left

rFire  . . .     SeeInvis .       - Unarmed
rCold  . . .     Gourm    +     a - +0 animal skin
rNeg   . . .     Faith    .     (no shield)
rPois  .         Spirit   .     (helmet restricted)
rElec  .         Reflect  .     (no cloak)
rCorr  .         Harm     .     (gloves unavailable)
MR     .....                    (boots unavailable)
Stlth  +.........               (no amulet)
                                (no ring)
                                (no ring)

@: confused, glowing
A: unfitting armour, claws 3, fast metabolism 3, gourmand, regeneration 1,
shaggy fur 1, tough skin 2
a: Berserk, Trog's Hand, Burn Spellbooks, Renounce Religion


You were on level 3 of the Dungeon.
You worshipped Trog.
Trog was pleased with you.
You were very full.

You visited 1 branch of the dungeon, and saw 3 of its levels.

You collected 115 gold pieces.

Inventory:

Armour
 a - a +0 animal skin (worn)
Scrolls
 c - a scroll of enchant armour {unknown}
 d - a scroll of remove curse {unknown}
 e - 2 scrolls of enchant weapon {unknown}
 i - a scroll of blinking {unknown}
 k - a scroll of amnesia {unknown}
 l - 2 scrolls of identify {unknown}
 o - a scroll of magic mapping {unknown}
 q - a scroll of teleportation {unknown}
Potions
 h - a potion of heal wounds {unknown}
 j - 2 potions of magic {unknown}
 m - a potion of cancellation {unknown}
 n - a potion of might {unknown}
Comestibles
 b - 4 bread rations
 f - 6 meat rations
 g - a slice of pizza
 p - 2 chunks of flesh


   Skills:
 + Level 2.8 Fighting
 + Level 3.2 Dodging
 + Level 0.4 Stealth
 + Level 4.1 Unarmed Combat


You had 3 spell levels left.
You didn't know any spells.

Dungeon Overview and Level Annotations

Branches:
Dungeon (3/15)

Altars:
Dithmenos
Elyvilon
Vehumet
The Shining One

Annotations:
D:3 Duffy's ghost, novice SpEn


Innate Abilities, Weirdness & Mutations

You are too large for most types of armour.
You have claws for hands.
Your metabolism is lightning-fast.
You like to eat raw meat.
Your natural rate of healing is unusually fast.
You are covered in fur. (AC +1)
You have very tough skin. (AC +2)


Message History

Duffy's ghost gestures at you while chanting.
The spray of energy hits you!
* * * LOW HITPOINT WARNING * * *
You are more confused.
You're too confused to move!
Duffy's ghost hits you but does no damage.
You scratch Duffy's ghost.
Duffy's ghost is moderately damaged.
Duffy's ghost casts a spell at you.
You fall asleep.
Duffy's ghost hits you.
You wake up.
* * * LOW HITPOINT WARNING * * *
Unknown command.
Duffy's ghost hits you but does no damage.
Duffy's ghost gestures at you while chanting.
You are more confused.
Duffy's ghost gestures at you while chanting.
The spray of energy hits you!
Ouch! That really hurt!
You die...

#########
#.......#
#......^# .
#..@....# ...
#.......#
.....###...#####
......bW..##.P###
.....###..#..._P#
... ##.#P...P# .
#...⌠._###########
###....#.........#
#..._..........##


You could see Duffy's ghost and a bat.

Vanquished Creatures
  5 adders (D:2)
  A worm (D:2)
  A dart slug (D:1)
  A leopard gecko (D:2)
  A giant cockroach (D:1)
  5 goblins
  9 hobgoblins
  5 jackals
  2 quokkas
  9 bats
  3 frilled lizards
  5 kobolds
  9 rats
56 creatures vanquished.

Notes
Turn   | Place    | Note
-------+----------+-------------------------------------------
     0 | D:1      | jbasstz the Troll Berserker began the quest for the Orb.
     0 | D:1      | Reached XP level 1. HP: 22/22 MP: 0/0
    59 | D:1      | Reached XP level 2. HP: 26/29 MP: 1/1
   858 | D:1      | Reached XP level 3. HP: 35/36 MP: 2/2
  1039 | D:2      | Reached ** piety under Trog
  1302 | D:2      | Reached XP level 4. HP: 44/44 MP: 3/3
  1303 | D:2      | Found a glowing golden altar of the Shining One.
  1441 | D:2      | Reached skill level 4 in Unarmed Combat
  1446 | D:2      | Found a faded altar of an unknown god.
  2036 | D:3      | Found a radiant altar of Vehumet.
  2038 | D:3      | Found a shadowy altar of Dithmenos.
  2042 | D:3      | Found a white marble altar of Elyvilon.
  2050 | D:3      | Noticed Duffy's ghost (novice SpEn)
  2071 | D:3      | Killed from afar by Duffy's ghost

Vault maps used:
D:1:      eino_arrival_cavern_d, serial_bayou_pond_b
D:2:      nicolae_tso_carved_into_rock, chequers_ecumenical_altar_lobes,
          first_bread
D:3:      okawaru_gym_becter, gammafunk_temple_overflow_forgotten

Skill      XL: |  1  2  3  4 |
---------------+-------------+-----
Dodging        | 3 |  3.2
Unarmed Combat | 4 |  4.1
Fighting       | |  2.8
Stealth        | |  0.4

Action                   |  1- 3 |  4- 6 || total
-------------------------+-------+-------++-------
Melee: Unarmed           |    89 |    57 ||   146
       Punch             |       |     1 ||     1
 Stab: Sleeping          |     1 |       ||     1
  Eat: Chunk             |    17 |     7 ||    24
Armor: Animal skin       |    43 |    29 ||    72
Dodge: Dodged            |    76 |    38 ||   114
